 Dungeon Crawl Stone Soup version 0.28.0-53-g5a82cb258f (webtiles) character file.

Game seed: 15269962330110628262

4 Plasmagod the Shooter (level 1, -6/10 HPs)
             Began as a Spriggan Hunter on July 20, 2022.
             Mangled by a kobold
             ... wielding a +2 whip of electrocution
              (12 damage)
             ... on level 1 of the Dungeon.
             The game lasted 00:00:15 (46 turns).

Plasmagod the Shooter (Spriggan Hunter)               Turns: 46, Time: 00:00:16

Health: -6/10      AC:  2    Str:  8    XL:     1   Next: 50%
Magic:  2/2        EV: 17    Int: 12    God:
Gold:   0          SH:  0    Dex: 15    Spells: 0/0 levels left

rFire   . . .      SeeInvis +   a - +1 shortbow
rCold   . . .      Faith    .   (shield currently unavailable)
rNeg    . . .      Spirit   .   c - +0 robe
rPois   .          Reflect  .   (helmet restricted)
rElec   .          Harm     .   (no cloak)
rCorr   .          Rampage  .   (gloves unavailable)
Will    .....                   (boots unavailable)
Stlth   ++........              (no amulet)
HPRegen 0.03/turn               (no ring)
MPRegen 0.08/turn               (no ring)

@: very quick
A: very small, no large weapons, unfitting armour, see invisible, speed 3
a: no special abilities


You were on level 1 of the Dungeon.
You visited 1 branch of the dungeon, and saw 1 of its levels.

Inventory:

Hand Weapons
 a - a +1 shortbow (weapon)
 b - a +0 short sword
Missiles
 d - 8 arrows (quivered ammo)
Armour
 c - a +0 robe (worn)


   Skills:
 + Level 1.5 Fighting
 + Level 5.1 Bows
 + Level 2.7 Dodging
 + Level 1.5 Stealth


You couldn't memorise any spells.
You didn't know any spells.
Your spell library was empty.

Dungeon Overview and Level Annotations

Branches:
Dungeon (1/15)

Altars:


Innate Abilities, Weirdness & Mutations

You are very small and have problems with some larger weapons.
You are too small for most types of armour.
You have supernaturally acute eyesight. (SInv)
You cover ground extremely quickly. (Speed+++)


Message History

Press: ? - help, Q - select action Shift-Dir - straight line, f/p - kobold
Aim: a kobold, wielding a +2 whip of electrocution (heavily wounded, 55% to hit)
You shoot an arrow. The arrow hits the kobold.
The kobold is severely wounded.
Fire: 14 arrows
Press: ? - help, Q - select action Shift-Dir - straight line, f/p - kobold
Aim: a kobold, wielding a +2 whip of electrocution (severely wounded, 55% to hit)
You shoot an arrow. The arrow hits the bat.
The bat is heavily wounded.
The bat hits you but does no damage.
Fire: 13 arrows
Press: ? - help, Q - select action Shift-Dir - straight line, f - bat
Aim: a bat (heavily wounded, 48% to hit)
You shoot an arrow. The arrow barely misses the bat.
The bat completely misses you.
Fire: 12 arrows
Press: ? - help, Q - select action Shift-Dir - straight line, f/p - bat
Aim: a bat (heavily wounded, 48% to hit)
You shoot an arrow. The arrow misses the bat.
The bat hits you.
Fire: 11 arrows
Press: ? - help, Q - select action Shift-Dir - straight line, f/p - bat
Aim: a bat (heavily wounded, 48% to hit)
You shoot an arrow. The arrow misses the bat.
The bat barely misses you.
Fire: 10 arrows
Press: ? - help, Q - select action Shift-Dir - straight line, f/p - bat
Aim: a bat (heavily wounded, 48% to hit)
You shoot an arrow. The arrow hits the bat!
You kill the bat!
Fire: 9 arrows
Press: ? - help, Q - select action Shift-Dir - straight line, f - kobold
Aim: a kobold, wielding a +2 whip of electrocution (severely wounded, 55% to hit)
You shoot an arrow.
The arrow hits the kobold but does no damage.
The kobold is severely wounded.
The kobold hits you with a +2 whip of electrocution.
You are electrocuted!
Ouch! That really hurt!
You die...

##########
##...##..(##
##..........##
#............#
#............#####
#..)..............
#.......(.@K.$?(#
#.....#......#....
#...#.....(..(.# #
#...........##.((.
###.........# .((
##.........# ((
#..........# .
#.#........#
#.#.........


You could see a kobold.

Vanquished Creatures
  A bat (D:1)
  2 kobolds (D:1)
  A rat (D:1)
4 creatures vanquished.

Notes
Turn   | Place    | Note
-------+----------+-------------------------------------------
     0 | D:1      | Plasmagod the Spriggan Hunter began the quest for the Orb.
     0 | D:1      | Reached XP level 1. HP: 10/10 MP: 2/2
    38 | D:1      | Reached skill level 5 in Bows
    46 | D:1      | Mangled by a kobold

Illustrated notes

Levels and vault maps discovered:
D:1:      dpeg_arrival_stone_temple_mockup, layout_rooms, serial_shops, shop,
          minmay_tetromino_i4

Skill      XL: |  1 |
---------------+----+-----
Bows           | 5 |  5.1
Fighting       | |  1.5
Dodging        | |  2.7
Stealth        | |  1.5

Action                   || total
-------------------------++-------
 Fire: Shortbow          ||    13
Armor: Robe              ||     1
Dodge: Dodged            ||     3
